 Dungeon Crawl Stone Soup version 0.28.0-43-g3370ac3207 (webtiles) character file.

Game seed: 18422754609476170259

7193 protoss039 the Fighter (level 11, -1/94 HPs)
             Began as a Djinni Hedge Wizard on Mar 16, 2022.
             Was a Believer of Makhleb.
             Slain by a wraith (8 damage)
             ... on level 10 of the Dungeon.
             The game lasted 00:44:03 (16256 turns).

protoss039 the Fighter (Djinni Hedge Wizard)       Turns: 16256, Time: 00:44:04

Health: -1/94      AC:  4    Str:  9    XL:     11   Next: 32%
Gold:   913        EV: 12    Int: 26    God:    Makhleb [**....] SH:  0 Dex: 13

rFire   + + .      SeeInvis .   n - +4 great sword of Entutt {flame, rElec Will++}
rCold   x . .      Faith    .   (shield currently unavailable)
rNeg    . . .      Spirit   .   b - +0 robe
rPois   ∞          Reflect  .   c - +0 hat
rElec   +          Harm     .   j - +0 cloak
rCorr   +          Rampage  .   e - +0 pair of gloves
Will    +++..                   (boots unavailable)
Stlth   ++........              (no amulet)
HPRegen 0.25/turn               g - ring of resist corrosion
MPRegen 0.00/turn               v - +6 ring of intelligence

@: flying, slowed, very slow
A: sickness immunity, fire resistance 2, cold vulnerability 1, float, innate
caster, HP casting, extra vitality 1
a: Renounce Religion, Minor Destruction


You were on level 10 of the Dungeon.
You worshipped Makhleb.
Makhleb was pleased with you.
You visited 2 branches of the dungeon, and saw 11 of its levels.
You also visited: Bailey.

You collected 1670 gold pieces.
You spent 757 gold pieces at shops.

Inventory:

Hand Weapons
 k - the +6 falchion of Light {drain, rN+ Dex+4}
   (You found it on level 2 of the Dungeon)

   A truly terrible weapon, it drains the life of any living foe it strikes.
   Dex:       It affects your dexterity (+4).
   rN:        It protects you from negative energy.
 n - the +4 great sword of Entutt (weapon) {flame, rElec Will++}
   (You bought it in a shop on level 7 of the Dungeon)

   It burns those it strikes, dealing additional fire damage.
   Big, fiery blades are also staple armaments of hydra-hunters.
   rElec:     It insulates you from electricity.
   Will:      It greatly increases your willpower.
 G - the +8 quarterstaff of Fortitude {holy, *Noise rC+ Str+2}
   (You found it on level 9 of the Dungeon)

   It has been blessed by the Shining One to cause great damage to the undead
   and demons.
   Str:       It affects your strength (+2).
   rC:        It protects you from cold.
   *Noise:    It may make noises in combat.
Missiles
 x - a throwing net
Armour
 b - a +0 robe (worn)
 c - a +0 hat (worn)
 e - a +0 pair of gloves (worn)
 j - a +0 cloak (worn)
Magical Staves
 A - a staff of death
Jewellery
 g - a ring of resist corrosion (left hand)
 v - a +6 ring of intelligence (right hand)
 I - a ring of willpower
 J - a ring of protection from fire
Wands
 y - a wand of polymorph (14)
 H - a wand of iceblast (3)
Scrolls
 a - 6 scrolls of teleportation
 d - 2 scrolls of identify
 f - 2 scrolls of immolation
 h - 3 scrolls of enchant armour
 m - a scroll of fear {unknown}
 p - 2 scrolls of amnesia {unknown}
 t - 3 scrolls of fog {unknown}
 u - 2 scrolls of vulnerability {unknown}
 w - a scroll of enchant weapon {unknown}
Potions
 i - a potion of lignification
 l - a potion of ambrosia
 o - 7 potions of heal wounds
 q - a potion of attraction {unknown}
 r - 4 potions of curing {unknown}
 s - a potion of resistance
 z - a potion of cancellation
 B - 3 potions of brilliance
 C - 3 potions of might
 D - 3 potions of haste {unknown}
 E - 2 potions of invisibility
 F - a potion of mutation {unknown}


   Skills:
 + Level 14.7 Fighting
 - Level 3.0 Dodging
 - Level 3.0 Stealth
 - Level 4.0 Spellcasting
 * Level 5.0 Invocations


You couldn't memorise any spells.
You knew the following spells:

 Your Spells              Type           Power      Damage    Failure   Level
a - Magic Dart            Conj           100%       1d8       1%          1
b - Blink                 Tloc           52%        N/A       2%          2
c - Call Imp              Summ           26%        N/A       2%          2
d - Slow                  Hex            100%       N/A       1%          1
e - Conjure Flame         Conj/Fire      26%        6-21      4%          3
f - Mephitic Cloud        Conj/Pois/Air  26%        N/A       4%          3
g - Animate Skeleton      Necr           52%        N/A       1%          1
h - Poisonous Vapours     Pois/Air       52%        N/A       2%          2
i - Lesser Beckoning      Tloc           26%        N/A       4%          3
j - Sticky Flame          Conj/Fire      26%        2d5       16%         4
k - Irradiate             Conj/Tmut      13%        3d18      41%         5
Your spell library was empty.

Dungeon Overview and Level Annotations

Branches:
Dungeon (10/15)            Temple (1/1) D:7            Lair (0/6) D:10
 Bailey (visited)
    Orc: D:9-12

Altars:
Ashenzari
Cheibriados
Dithmenos
Elyvilon
Fedhas
Gozag
Hepliaklqana
Kikubaaqudgha
Makhleb
Nemelex Xobeh
Okawaru
Qazlal
Ru
Sif Muna
Trog
Uskayaw
Vehumet
Wu Jian
Xom
Yredelemnul
Zin
The Shining One

Shops:
D:7 (

Annotations:
D:3 Sigmund
D:10 2 runed translucent doors


Innate Abilities, Weirdness & Mutations

You are immune to sickness and miasma.
You are immune to poison.
Your flesh is very heat resistant. (rF++)
You are vulnerable to cold. (rC-)
You float through the air rather than walking.
You learn spells naturally, not from books.
Your magical power is your life essence.
You have superior vitality. (+4 MHP)


Message History

Your crimson imp closely misses the wraith.
Unknown command.
Unknown command.
Casting: Sticky Flame (dangerous; 16% risk of failure)
Confirm with . or Enter, or press ? or * to list all spells.
Aiming: Sticky Flame (dangerous; 16% risk of failure)
Press: ? - help, Shift-Dir - straight line, f/p - wraith
Aim: a wraith (moderately damaged, ally target, 100% to hit)
The sticky flame hits the wraith.
The wraith is heavily damaged.
* * * LOW HITPOINT WARNING * * *
The wraith hits you.
* * * LOW HITPOINT WARNING * * *
Your crimson imp barely misses the wraith.
The wraith barely misses you.
Unknown command.
Unknown command.
Your crimson imp hits the wraith but does no damage. x2
Casting: Sticky Flame (dangerous; 16% risk of failure)
Confirm with . or Enter, or press ? or * to list all spells.
Aiming: Sticky Flame (dangerous; 16% risk of failure)
Press: ? - help, Shift-Dir - straight line, f/p - wraith
Aim: a wraith (heavily damaged, ally target, 100% to hit)
The sticky flame hits the wraith.
The wraith is heavily damaged.
* * * LOW HITPOINT WARNING * * *
The wraith closely misses you.
Your crimson imp hits the wraith but does no damage.
Unknown command.
Unknown command.
Casting: Sticky Flame (dangerous; 16% risk of failure)
Confirm with . or Enter, or press ? or * to list all spells.
Aiming: Sticky Flame (dangerous; 16% risk of failure)
Press: ? - help, Shift-Dir - straight line, f/p - wraith
Aim: a wraith (heavily damaged, ally target, 100% to hit)
The sticky flame hits the wraith.
The wraith is severely damaged.
* * * LOW HITPOINT WARNING * * *
The wraith hits you!
You die...

############ ##......(...##
### ####
##............####.# ....
#..................# ....
#..............##.######....
#....^.....@W5.##.....Y.....
#..............########.....
#..............# ##....
##.............# ....
##...........## .!..
##...#.###...## ....
###..........### .###
...........#### ..
.##.......## ..


You could see a wraith (ally target) and a friendly crimson imp (summoned).

Vanquished Creatures
  Harold (D:7)
  A two-headed ogre (D:10)
  Pikel (D:4)
  An elephant (D:10)
  A troll (D:10)
  2 hornets (D:9)
  A wyvern (D:10)
  6 yaks (D:9)
  Menkaure (D:7)
  Duvessa (D:7)
  2 water moccasins
  5 orc warriors
  4 black bears
  2 sky beasts
  A necrophage (D:7)
  2 ogres (D:7)
  4 centaurs
  A gnoll sergeant (D:9)
  2 bullfrogs
  A water moccasin zombie (D:5)
  A wyvern skeleton (D:7)
  A water moccasin skeleton (D:5)
  Dowan (D:7)
  5 howler monkeys
  3 centaur zombies (D:8)
  A jelly (D:5)
  A bullfrog zombie (D:6)
  5 orc priests
  A centaur skeleton (D:7)
  2 hounds
  2 iguanas (D:6)
  5 orc wizards
  A killer bee zombie (D:7)
  2 howler monkey zombies (D:9)
  15 gnolls
  5 adders
  A shadow imp (D:8)
  A white imp (D:6)
  A worm (D:2)
  3 dart slugs
  47 orcs
  6 endoplasms
  4 giant cockroaches
  7 goblins
  13 hobgoblins
  3 jackals (D:2)
  2 kobolds
  3 quokkas
  3 ball pythons
  9 bats
  5 frilled lizards
  7 rats
206 creatures vanquished.

Vanquished Creatures (collateral kills)
  2 lemures (D:4)
  A frilled lizard (D:2)
3 creatures vanquished.

Vanquished Creatures (others)
  A goblin (D:9)
  7 plants (D:7)
8 creatures vanquished.

Grand Total: 217 creatures vanquished

Notes
Turn   | Place    | Note
-------+----------+-------------------------------------------
     0 | D:1      | protoss039 the Djinni Hedge Wizard began the quest for the
                  | Orb.
     0 | D:1      | Reached XP level 1. HP: 15/15 MP: 0/0
   433 | D:1      | Reached XP level 2. HP: 19/22 MP: 0/0
   470 | D:1      | Reached skill level 1 in Fighting
  1068 | D:1      | Reached XP level 3. HP: 23/27 MP: 0/0
  1068 | D:1      | Learned a level 1 spell: Animate Skeleton
  2173 | D:2      | Reached skill level 2 in Fighting
  2666 | D:2      | Reached XP level 4. HP: 12/33 MP: 0/0
  3200 | D:2      | Identified the +6 falchion of Light {drain, rN+ Dex+4}
  3602 | D:2      | Reached XP level 5. HP: 39/39 MP: 0/0
  3602 | D:2      | Learned a level 2 spell: Poisonous Vapours
  3783 | D:3      | Identified a scroll of acquirement
  3784 | D:3      | Acquired 1176 gold pieces
  4022 | D:3      | Found a broken altar of Ashenzari.
  4037 | D:3      | Found an opulent altar of Gozag.
  4037 | D:3      | Found a snail-covered altar of Cheibriados.
  4259 | D:3      | Found a faded altar of an unknown god.
  4456 | D:3      | Found a stormy altar of Qazlal.
  4456 | D:3      | Noticed Sigmund
  4999 | D:4      | Noticed a lemure
  5000 | D:4      | Noticed a lemure
  5005 | D:4      | Noticed Pikel
  5010 | D:4      | Killed a lemure
  5011 | D:4      | Noticed a lemure
  5032 | D:4      | Noticed a lemure
  5050 | D:4      | Killed a lemure
  5090 | D:4      | Killed Pikel
  5091 | D:4      | Reached skill level 5 in Fighting
  5091 | D:4      | Reached XP level 6. HP: 21/49 MP: 0/0
  5091 | D:4      | Reached XP level 7. HP: 23/54 MP: 0/0
  5091 | D:4      | Learned a level 3 spell: Lesser Beckoning
  5698 | D:5      | Entered Level 5 of the Dungeon
  6006 | D:5      | Reached skill level 6 in Fighting
  6006 | D:5      | Reached XP level 8. HP: 53/61 MP: 0/0
  7012 | D:6      | Reached skill level 7 in Fighting
  7407 | D:6      | Reached skill level 8 in Fighting
  8102 | D:6      | Reached XP level 9. HP: 55/71 MP: 0/0
  8102 | D:6      | Learned a level 4 spell: Sticky Flame
  8184 | D:7      | Reached skill level 9 in Fighting
  8486 | D:7      | Reached skill level 10 in Fighting
  8819 | D:7      | Noticed Harold
  9506 | D:7      | Killed Harold
  9507 | D:7      | Reached skill level 11 in Fighting
  9726 | D:7      | Found Lait Tan's Weapon Boutique.
  9736 | D:7      | Reached XP level 10. HP: 43/84 MP: 0/0
  9937 | D:7      | Found a staircase to the Ecumenical Temple.
 10034 | D:7      | Noticed Duvessa
 10034 | D:7      | Noticed Dowan
 10036 | D:7      | Noticed Menkaure
 10057 | D:7      | Killed Duvessa
 10058 | D:7      | Reached skill level 12 in Fighting
 10423 | D:7      | Killed Dowan
 10484 | Temple   | Entered the Ecumenical Temple
 10670 | Temple   | Became a worshipper of Makhleb the Destroyer
 10735 | D:7      | Killed Menkaure
 10971 | D:7      | Bought the +4 great sword of Entutt {flame, rElec Will++}
                  | for 757 gold pieces
 11019 | D:8      | Found a shimmering altar of Xom.
 11022 | D:8      | Found a shimmering altar of Xom.
 11022 | D:8      | Found a shimmering altar of Xom.
 11022 | D:8      | Found a shimmering altar of Xom.
 11038 | D:8      | Reached skill level 1 in Invocations
 11520 | D:8      | Noticed a rime drake
 11521 | D:8      | Noticed a cane toad
 11526 | D:8      | a cane toad changed into a wind drake
 11537 | D:8      | Noticed a cane toad
 11537 | D:8      | a wind drake changed into a cane toad
 11546 | D:8      | Noticed a komodo dragon
 11546 | D:8      | a cane toad changed into a komodo dragon
 11560 | D:8      | Noticed a cane toad
 11560 | D:8      | a komodo dragon changed into a cane toad
 11563 | D:8      | a cane toad changed into a hornet
 11621 | D:8      | Noticed a harpy
 11622 | D:8      | Noticed a yaktaur
 11622 | D:8      | a harpy changed into a yaktaur
 12019 | D:8      | Reached * piety under Makhleb
 12289 | D:8      | Noticed a bunyip
 12311 | D:8      | Noticed a faun
 12333 | D:8      | Noticed a jorogumo
 12836 | D:9      | Reached skill level 13 in Fighting
 13203 | D:9      | Found a flagged portal.
 13208 | Bailey   | Entered a bailey
 13743 | Bailey   | Reached ** piety under Makhleb
 14076 | D:9      | Identified the +8 quarterstaff of Fortitude {holy, *Noise
                  | rC+ Str+2}
 14462 | D:9      | Reached XP level 11. HP: 13/93 MP: 0/0
 14462 | D:9      | Learned a level 5 spell: Irradiate
 15089 | D:9      | Found a glowing silver altar of Zin.
 15318 | D:9      | HP: 4/93 [something (15)]
 15613 | D:10     | Entered Level 10 of the Dungeon
 15613 | D:10     | Noticed an elephant
 15613 | D:10     | Found a staircase to the Lair.
 15637 | D:10     | Found a large runed translucent door.
 15680 | D:10     | Reached skill level 14 in Fighting
 15969 | D:10     | Found a large runed translucent door.
 15971 | D:10     | Found a shimmering altar of Xom.
 15971 | D:10     | Noticed a cyan ugly thing
 15973 | D:10     | Identified the +3 robe of Mirov {Slay+2}
 15987 | D:10     | Noticed a two-headed ogre
 16014 | D:10     | Killed a two-headed ogre
 16169 | D:10     | Killed an elephant
 16170 | D:10     | Reached skill level 5 in Invocations
 16256 | D:10     | Slain by a wraith

Illustrated notes

Levels and vault maps discovered:
D:1:      lemuel_arrival_behind_the_door_small, layout_loops_cross
D:2:      minmay_chambers_of_ones, layout_loops_corners
D:3:      layout_basic, mainiacjoe_overflow_alcove_2,
          grunt_temple_overflow_open, shapermc_ecumenical_altar_mp_vishouse,
          minmay_misc_feat_roman, uniq_sigmund
D:4:      layout_loops_ring, uniq_pikel
D:5:      layout_basic, chequers_serial_rivers_micro_e
D:6:      layout_cave_pools, amethyst_killhole
D:7:      layout_basic, minmay_temple_entry_gardened_gates, serial_shops, shop,
          st_stairs_4, uniq_duvessa, uniq_menkaure, uniq_harold
D:8:      layout_gridville, xom_shifter_show, special_room [special_room_orc]
D:9:      layout_layer_cave, zin_academy, enter_bailey_3, kennysheep_nub,
          minmay_misc_feat_four_crosses
D:10:     due_chaos_kobolds, layout_rooms, david_lair_generic,
          minmay_orc_entry_temple_small
Temple:   eino_temple_rhombus

Skill      XL: |  1  2  3  4  5  6  7  8  9 10 11 |
---------------+----------------------------------+-----
Fighting       | 1 2 5 6 8 11 13 14 | 14.7
Stealth        | 2 3 |  3.0
Dodging        | 3 |  3.0
Spellcasting   | 4 |  4.0
Invocations    | 4 5 |  5.0

Action                   |  1- 3 |  4- 6 |  7- 9 | 10-12 || total
-------------------------+-------+-------+-------+-------++-------
Melee: Falchion          |       |    31 |   149 |     7 ||   187
       Dagger            |       |     1 |       |       ||     1
       Punch             |       |     1 |       |       ||     1
       Great sword       |       |       |       |   153 ||   153
 Cast: Magic Dart        |    95 |    65 |    44 |    31 ||   235
       Call Imp          |     2 |     5 |     1 |     2 ||    10
       Slow              |       |     7 |    13 |    13 ||    33
       Mephitic Cloud    |       |     4 |    45 |    73 ||   122
       Lesser Beckoning  |       |       |     2 |    15 ||    17
       Conjure Flame     |       |       |     8 |     3 ||    11
       Sticky Flame      |       |       |     4 |    18 ||    22
  Use: Scroll            |       |     6 |     4 |     6 ||    16
       Potion            |       |       |       |     3 ||     3
 Stab: Sleeping          |       |     3 |     4 |     4 ||    11
       Confused          |       |     1 |     6 |    15 ||    22
Armor: Robe              |     8 |     5 |    38 |    40 ||    91
Dodge: Dodged            |    29 |    17 |   102 |   152 ||   300
